 Dungeon Crawl Stone Soup version 0.31.0-12-g77e489cdc1 (webtiles) character file.

Game seed: 10048513835705754763

310 Silvore the Twirler (level 6, 0/51 HPs)
             Began as a Minotaur Gladiator on Feb 20, 2024.
             Killed from afar by a dart slug (2 damage)
             ... with a slug dart
             ... on level 4 of the Dungeon.
             The game lasted 00:05:10 (2495 turns).

Silvore the Twirler (Minotaur Gladiator)            Turns: 2495, Time: 00:05:11

Health: 0/51       AC: 11    Str: 20    XL:     6   Next: 18%
Magic:  5/5        EV:  7    Int:  5    God:
Gold:   195        SH:  0    Dex: 12    Spells: 5/5 levels left

rFire   . . .        a - +1 quarterstaff
rCold   . . .        (shield currently unavailable)
rNeg    . . .        s - +0 plate armour
rPois   .            c - +0 hat
rElec   .            (no cloak)
rCorr   .            (no gloves)
SInv    .            (no boots)
Will    .....        (no amulet) Stlth
                     (no ring)
HPRegen 0.28/turn    (no ring)
MPRegen 0.09/turn

%: no passive effects
@: no status effects
A: horns 2, retaliatory headbutt
a: no special abilities


You were on level 4 of the Dungeon.
You visited 1 branch of the dungeon, and saw 4 of its levels.

You collected 195 gold pieces.

Inventory:

Hand Weapons
 a - a +1 quarterstaff (weapon)
 h - the +1 halberd "Lil Jear" {distort, rElec rC+ rN+ Int-2}
   (You acquired it on level 2 of the Dungeon)

   Int-2:     It affects your intelligence (-2).
   rC+:       It protects you from cold.
   rElec:     It insulates you from electricity.
   rN+:       It protects you from negative energy.
Missiles
 d - 3 throwing nets (quivered)
 e - a javelin
Armour
 b - a +0 leather armour
 c - a +0 hat (worn)
 k - a +1 scale mail of willpower
 s - a +0 plate armour (worn)
Jewellery
 n - a ring of see invisible
 o - a ring of poison resistance
Wands
 i - a wand of charming (5)
 q - a wand of flame (3)
Scrolls
 f - 2 scrolls of enchant weapon
 m - a scroll of amnesia
 r - a scroll of teleportation
 t - a scroll of identify {unknown}
Potions
 g - a potion of brilliance {unknown}
 j - 2 potions of attraction {unknown}
 l - 2 potions of curing {unknown}
 p - a potion of enlightenment {unknown}


   Skills:
 + Level 3.5 Fighting
 + Level 1.6(4.0) Polearms
 + Level 5.9(6.0) Staves
 + Level 2.3 Throwing
 + Level 3.5 Armour
 + Level 4.0 Dodging
 + Level 0.3 Stealth


You had 5 spell levels left.
You didn't know any spells.
Your spell library contained the following spells:

 Spells                   Type           Power      Damage    Failure   Level
 Magic Dart               Conj           0%         1d3       100%        1
 Blink                    Tloc           0%         N/A       100%        2
 Call Imp                 Summ           0%         N/A       100%        2
 Lesser Beckoning         Tloc           0%         N/A       100%        2
 Momentum Strike          Conj/Tloc      0%         3d8       100%        2
 Dazzling Flash           Conj/Hex       0%         N/A       100%        3
 Gell's Gravitas          Tloc           0%         N/A       100%        3
 Teleport Other           Tloc           0%         N/A       100%        3
 Volatile Blastmotes      Fire/Tloc      0%         2d10      100%        3
 Starburst                Conj/Fire      0%         6d3       100%        6
 Maxwell's Capacitive Co  Air            0%         ∞         100%        8


Dungeon Overview and Level Annotations

Branches:
Dungeon (4/15)
 Temple: D:4-7

Altars:
Gozag
Nemelex Xobeh

Shops:
D:1 :(([*   D:2 *


Innate Abilities, Weirdness & Mutations

You have a pair of horns on your head.
You reflexively headbutt those who attack you in melee.


Message History

The gnoll closely misses you.
You sock the gnoll!
You kill the gnoll!
The gnoll hits you but does no damage.
You hit the gnoll.
The gnoll is moderately wounded.
The gnoll hits you from afar with a +0 spear.
The gnoll hits you with a +0 whip!
A dart slug comes into view.
You sock the gnoll! You headbutt the gnoll.
You kill the gnoll!
The gnoll hits you from afar with a +0 spear!
* * * LOW HITPOINT WARNING * * *
Your Dodging skill increases to level 4!
The giant cockroach bites you.
* * * LOW HITPOINT WARNING * * *
The giant cockroach barely misses you.
Things that are here:
a +0 whip; a +0 halberd; a gnoll corpse Unknown command.
You barely miss the giant cockroach. You headbutt the giant cockroach.
You kill the giant cockroach!
The gnoll hits you with a +0 spear.
* * * LOW HITPOINT WARNING * * *
You hit the gnoll.
The gnoll is heavily wounded.
The gnoll hits you with a +0 spear.
* * * LOW HITPOINT WARNING * * *
The dart slug launches a dart at you. The slug dart hits you.
* * * LOW HITPOINT WARNING * * *
You barely miss the gnoll.
The gnoll is heavily wounded.
The gnoll closely misses you.
Unknown command.
You hit the gnoll.
You kill the gnoll!
The dart slug launches a dart at you. The slug dart hits you.
You die...

#.#.#.# #.. #.#.#.#
#.### # #.#.#.# #.#..
#.#.#'#'### #.#.#
####.#.......###.#.#####
................>#......
.............##..#......
........).).............
.....w.@#).#..#..#......
.......#..#..#..#..#....
#........#..#..#..#..###
'.......#..#..#..#...#
###
#......#..#..#..#.†#.#
..##
#...##...............#
...##
#...###..##...##.#...#
....#+# #...# ##..
#...#.#.#.### ......#
#...# .............


You could see a dart slug.

Vanquished Creatures
  A scorpion (D:4)
  An iguana (D:4)
  7 gnolls
  8 adders
  2 dart slugs
  2 ribbon worms
  5 orcs
  7 endoplasms
  3 giant cockroaches
  9 goblins
  7 hobgoblins
  6 jackals
  A quokka (D:2)
  5 ball pythons
  5 bats
  9 kobolds
  4 rats (D:2)
82 creatures vanquished.

Notes
Turn   | Place    | Note
-------+----------+-------------------------------------------
     0 | D:1      | Silvore the Minotaur Gladiator began the quest for the Orb.
     0 | D:1      | Reached XP level 1. HP: 18/18 MP: 0/0
    63 | D:1      | Reached XP level 2. HP: 9/25 MP: 1/1
   220 | D:1      | Reached skill level 4 in Staves
   241 | D:1      | Found Tewnefarin's Assorted Antiques.
   268 | D:1      | Found Winac's Antique Weapon Boutique.
   271 | D:1      | Found Ylayggekhu's Antique Weapon Shop.
   272 | D:1      | Found Uthufom's Armour Boutique.
   307 | D:1      | Found Leel's Book Boutique.
   727 | D:2      | Reached skill level 1 in Armour
   727 | D:2      | Reached XP level 3. HP: 30/30 MP: 2/2
   909 | D:2      | Found Ikemm's Assorted Antiques.
  1149 | D:2      | Reached XP level 4. HP: 38/38 MP: 3/3
  1330 | D:2      | Identified a scroll of acquirement
  1330 | D:2      | Acquired the +1 halberd "Lil Jear" {distort, rElec rC+ rN+
                  | Int-2}
  1453 | D:3      | Reached skill level 5 in Staves
  1533 | D:3      | Reached XP level 5. HP: 41/45 MP: 4/4
  1981 | D:3      | Found an opulent altar of Gozag.
  1981 | D:3      | Found a sparkling altar of Nemelex Xobeh.
  2152 | D:4      | Reached skill level 1 in Polearms
  2242 | D:4      | Identified the +0 leather armour of Polish {rCorr}
  2327 | D:4      | Identified the +3 war axe "Tianay" {heavy, rElec rPois
                  | Stlth+}
  2421 | D:4      | Reached XP level 6. HP: 51/51 MP: 5/5
  2492 | D:4      | HP: 2/51 [dart slug/slug dart (3)]
  2495 | D:4      | Killed from afar by a dart slug

Illustrated notes

Levels and vault maps discovered:
D:1:      sevenhm_arrival_forest_fort_small_3, layout_basic, serial_shops, shop,
          shop, nicolae_shop_window_shopping, shop, shop, serial_bayou_crossing
D:2:      layout_loops_cross, serial_shops, nicolae_shop_behind_doors
D:3:      layout_loops_ring, grunt_temple_overflow_opulence
D:4:      layout_basic, minmay_misc_feat_diagonals, grunt_ministairs_14,
          hangedman_decor_lopped, minmay_misc_feat_five,
          minmay_a_box_with_orc_wizards_in_it

Skill      XL: |  1  2  3  4  5  6 |
---------------+-------------------+-----
Staves         | 4 5 |  5.9
Armour         | 1 2 3 |  3.5
Fighting       | 3 |  3.5
Polearms       | 1 |  1.6
Dodging        | 4 |  4.0
Throwing       | |  2.3
Stealth        | |  0.3

Action                     |  1- 3 |  4- 6 || total
---------------------------+-------+-------++-------
  Melee: Quarterstaff      |    59 |    66 ||   125
         Headbutt          |     7 |    18 ||    25
         Halberd           |       |    21 ||    21
    Use: Scroll            |     6 |     4 ||    10
 Armour: Leather armour    |    19 |       ||    19
         Scale mail        |    17 |    50 ||    67
         Plate armour      |       |    25 ||    25
  Dodge: Dodged            |    38 |    51 ||    89
